 Dungeon Sprint DCSS version 0.30.1-6-gbe392663c4 (webtiles) character file.

Game seed: 2693009706138118393

46845 Heoruswealwe the Minotaur Porcupine (level 14, -1/162 HPs)
             Began as a Minotaur Fighter on Sept 21, 2023.
             Was the Champion of the Shining One.
             Killed from afar by an ice dragon (11 damage)
             ... with a blast of cold
             ... in the Dungeon (Sprint IX: "|||||||||||||||||||||||||||||").
             The game lasted 00:39:25 (2819 turns).

Heoruswealwe the Minotaur Porcupine (MiFi)          Turns: 2819, Time: 00:39:25

Health: -1/162     AC: 26    Str: 27    XL:     14   Next: 6%
Magic:  20/20      EV: 10    Int:  3    God:    the Shining One [******]
Gold:   449        SH:  5    Dex:  9    Spells: 13/13 levels left

rFire   . . .        b - +4 glaive
rCold   + . .        (shield currently unavailable)
rNeg    + + +        c - +1 pearl dragon scales of the Present {rElec rN+ rCorr Int-5 Slay+6}
rPois   .            (helmet restricted)
rElec   +            h - +0 cloak
rCorr   +            f - +1 pair of gloves
SInv    .            (no boots)
Will    +....        i - amulet "Poidghozi" {Reflect Int+3 SH+5} Stlth
                     k - ring "Kuirhis" {Fly rC+ rCorr}
HPRegen 0.47/turn    j - +4 ring of slaying
MPRegen 0.17/turn

%: no teleportation, reflection
@: flying, glowing
A: horns 2, retaliatory headbutt
a: Renounce Religion, Divine Shield, Cleansing Flame, Summon Divine Warrior,
Brand Weapon With Holy Wrath


You were in the Dungeon.
You worshipped the Shining One.
The Shining One was exalted by your worship.
You visited 1 branch You collected 1931 gold pieces.
You spent 1482 gold pieces at shops.

Inventory:

Hand Weapons
 a - a +0 trident
 b - a +4 glaive (weapon)
 g - a +0 bardiche
 p - a +0 glaive
 t - a +0 halberd
 u - the +11 plutonium sword {Contam Stlth-}
   (You found it in the Dungeon)

   Contam:    It causes magical contamination when unequipped.
   Stlth:     It makes you less stealthy.
Armour
 c - the +1 pearl dragon scales of the Present (worn) {rElec rN+ rCorr Int-5 Slay+6}
   (You found it in the Dungeon)

   Int:       It affects your intelligence (-5).
   Slay:      It affects your accuracy & damage with ranged weapons and melee
   (+6).
   rElec:     It insulates you from electricity.
   rN:        It protects you from negative energy.
   rCorr:     It protects you from acid and corrosion.
 d - a +1 tower shield
 f - a +1 pair of gloves (worn)
 h - a +0 cloak (worn)
Jewellery
 i - the amulet "Poidghozi" (around neck) {Reflect Int+3 SH+5}
   (You bought it in a shop in the Dungeon)

   [amulet of reflection]

   It reflects blocked missile attacks.
   Int:       It affects your intelligence (+3).
   SH:        It affects your SH (+5).
 j - a +4 ring of slaying (right hand)
 k - the ring "Kuirhis" (left hand) {Fly rC+ rCorr}
   (You bought it in a shop in the Dungeon)

   [ring of protection from cold]

   rC:        It protects you from cold.
   Fly:       It grants you flight.
   rCorr:     It protects you from acid and corrosion.
 l - a ring of poison resistance
Wands
 r - a wand of iceblast (10)
Scrolls
 q - 5 scrolls of identify
Potions
 e - 3 potions of curing
 m - a potion of mutation


   Skills:
 * Level 25.0 Fighting
 O Level 27 Polearms
 + Level 22.8 Armour
 - Level 3.6 Shields
 + Level 9.8 Invocations
 + Level 9.0 Evocations


You had 13 spell levels left.
You didn't know any spells.
Your spell library was empty.

Dungeon Overview and Level Annotations

Branches:
Dungeon (1/1)

Altars:
Cheibriados
Dithmenos
Elyvilon
Fedhas
Gozag
Hepliaklqana
Kikubaaqudgha
Makhleb
Nemelex Xobeh
Okawaru
Qazlal
Ru
Sif Muna
Trog
Uskayaw
Vehumet
Wu Jian
Xom
Yredelemnul
Zin
The Shining One
Jiyva
Lugonu

Shops:
D *=:?


Innate Abilities, Weirdness & Mutations

You have a pair of horns on your head.
You reflexively headbutt those who attack you in melee.


Message History

You hear a shout!
Blink to where?
Press: ? - help, Dir - move target
As you read the scroll of blinking, it crumbles to dust.
You feel better.
Blink to where?
Press: ? - help, Dir - move target
As you read the scroll of blinking, it crumbles to dust.
You start resting.
You start to feel less resistant.
You start resting.
Your resistance to elements expires.
You start resting.
A fire giant is nearby!
You carve the fire giant like a ham!!!!
You kill the fire giant!
You hit the ettin but do no damage. You cut the ettin into ribbons!!!
You headbutt the ettin!
The ettin is severely wounded.
You block the ettin's attack.
The ettin hits you with a +0 dire flail!!
* * * LOW HITPOINT WARNING * * *
You chop the ettin into pieces!!!
You kill the ettin!
Your Fighting skill increases to level 25!
Your Evocations skill increases to level 9!
Blink to where?
Press: ? - help, Dir - move target
As you read the scroll of blinking, it crumbles to dust.
Blink to where?
Press: ? - help, Dir - move target
As you read the scroll of blinking, it crumbles to dust.
Blink to where?
Press: ? - help, Dir - move target
As you read the scroll of blinking, it crumbles to dust.
You start resting.
An ice dragon is nearby!
The ice dragon breathes frost at you. The blast of cold hits you! You resist.
You die...

,,,,,,,,,,,,,,,,,,,,,,,,,,,,,,,,,
*********************************
,,,,,,,,,,,,,,,,,,,,,,,,+,,,,,,,,
*********************************
,,,,,,,,,,,,,,,,,,,,,,,,,,,,,,,,,
***********▓▓▓▓▓▓▓▓▓▓▓▓▓▓▓▓▓▓▓▓▓▓
+,,,,,,,,,,....DC.()....C.....§..
▓▓▓▓▓▓▓▓▓▓▓▓▓▓▓▓▓▓▓▓▓▓▓▓▓▓▓▓▓▓▓▓▓
................@...D............
▓▓♣♣♣♣♣♣♣♣♣♣▓▓▓▓▓▓▓▓▓▓▓▓▓▓▓▓▓▓▓▓▓
)')........'[........†...........
▓▓♣♣♣♣♣♣♣♣♣♣▓▓▓▓▓▓▓▓▓▓▓▓▓▓▓▓▓▓▓▓▓
.................................
▓▓▓▓▓▓▓▓▓▓▓▓▓▓▓▓▓▓▓▓▓▓▓▓▓▓▓▓▓▓▓▓▓
...!.[.[[[[[[[))).)))).===.'.....
▓▓▓▓▓▓▓▓▓▓▓▓▓▓▓▓▓▓▓▓▓▓▓▓▓▓▓▓▓▓▓▓▓
.................................


You could see an ice dragon (catching breath).

Vanquished Creatures
  2 fire giants (D)
  2 stone giants (D)
  A spriggan defender (D)
  2 bunyips (D)
  2 ettins (D)
  3 fire dragons (D)
  Josephine (D)
  Erolcha (D)
  An ogre mage (D)
  A merfolk avatar (D)
  An ice dragon (D)
  A catoblepas (D)
  3 hydras (D)
  A ghost crab (D)
  A two-headed ogre (D)
  2 centaur warriors (D)
  An alligator (D)
  2 radroaches (D)
  2 boulder beetles (D)
  2 tengu warriors (D)
  Urug (D)
  A death yak (D)
  3 naga warriors (D)
  4 orc high priests (D)
  A shock serpent (D)
  A naga sharpshooter (D)
  Sonja (D)
  A pharaoh ant (D)
  A swamp dragon (D)
  2 glowing orange brains (D)
  3 orc knights (D)
  A naga ritualist (D)
  2 steelbarb worms (D)
  A bog body (D)
  2 ugly things (D)
  A wolf spider (D)
  4 orc sorcerers (D)
  3 cyclopes (D)
  A manticore (D)
  2 water nymphs (D)
  A will-o-the-wisp (D)
  A demonic crawler (D)
  A guardian serpent (D)
  3 black mambas (D)
  Joseph (D)
  A torpor snail (D)
  3 cane toads (D)
  3 komodo dragons (D)
  An efreet (D)
  A hornet (D)
  A merfolk (D)
  A wind drake (D)
  5 polar bears (D)
  A snapping turtle (D)
  A blink frog (D)
  4 wraiths (D)
  A culicivora (D)
  A wyvern (D)
  A water elemental (D)
  3 yaks (D)
  An acid dragon (D)
  4 water moccasins (D)
  9 orc warriors (D)
  4 black bears (D)
  A bullfrog (D)
  2 scorpions (D)
  3 orc priests (D)
  2 iguanas (D)
  7 orc wizards (D)
  A white imp (D)
  9 orcs (D)
  A hobgoblin (D)
  A kobold (D)
  A quokka simulacrum (D)
  3 rats (D)
152 creatures vanquished.

Vanquished Creatures (others)
  A bloated husk (D)
  A slime creature (D)
  A foxfire (D)
3 creatures vanquished.

Grand Total: 155 creatures vanquished

Notes
Turn   | Place    | Note
-------+----------+-------------------------------------------
     0 | D        | Heoruswealwe the Minotaur Fighter began the quest for the
                  | Orb.
     0 | D        | Reached XP level 1. HP: 19/19 MP: 0/0
     8 | D        | Reached skill level 3 in Polearms
    20 | D        | Noticed a scorpion
    20 | D        | Noticed an iguana
    20 | D        | Noticed a scorpion
    20 | D        | Noticed an iguana
    30 | D        | Killed an iguana
    31 | D        | Reached skill level 5 in Fighting
    31 | D        | Reached skill level 5 in Polearms
    31 | D        | Reached skill level 5 in Armour
    31 | D        | Reached XP level 2. HP: 9/29 MP: 1/1
    31 | D        | Reached XP level 3. HP: 12/36 MP: 2/2
    32 | D        | Killed a scorpion
    33 | D        | Reached skill level 7 in Polearms
    33 | D        | Reached XP level 4. HP: 32/44 MP: 3/3
    38 | D        | Reached skill level 8 in Polearms
    44 | D        | Killed a scorpion
    45 | D        | Reached skill level 9 in Polearms
    45 | D        | Reached XP level 5. HP: 25/52 MP: 4/4
    51 | D        | Found a snail-covered altar of Cheibriados.
    51 | D        | Found a shadowy altar of Dithmenos.
    51 | D        | Found a white marble altar of Elyvilon.
    51 | D        | Found a blossoming altar of Fedhas.
    51 | D        | Found an opulent altar of Gozag.
    52 | D        | Found a hazy altar of Hepliaklqana.
    53 | D        | Found a viscous altar of Jiyva.
    54 | D        | Found an ancient bone altar of Kikubaaqudgha.
    55 | D        | Found a corrupted altar of Lugonu.
    56 | D        | Found a burning altar of Makhleb.
    57 | D        | Found a sparkling altar of Nemelex Xobeh.
    58 | D        | Found an iron altar of Okawaru.
    59 | D        | Found a stormy altar of Qazlal.
    60 | D        | Found a sacrificial altar of Ru.
    61 | D        | Found a shimmering blue altar of Sif Muna.
    62 | D        | Found a bloodstained altar of Trog.
    63 | D        | Found a hide-covered altar of Uskayaw.
    64 | D        | Found a radiant altar of Vehumet.
    65 | D        | Found an ornate altar of the Wu Jian Council.
    66 | D        | Found a shimmering altar of Xom.
    67 | D        | Found a basalt altar of Yredelemnul.
    68 | D        | Found a glowing silver altar of Zin.
    69 | D        | Found a glowing golden altar of the Shining One.
    77 | D        | Became a worshipper of the Shining One
   141 | D        | Noticed a two-headed ogre
   141 | D        | Noticed a yak
   141 | D        | Noticed a hornet
   141 | D        | Noticed a wyvern
   141 | D        | Reached * piety under the Shining One
   141 | D        | Noticed a yak
   141 | D        | Noticed an orc warrior
   148 | D        | Killed an orc warrior
   149 | D        | Reached skill level 10 in Polearms
   149 | D        | Reached XP level 6. HP: 59/61 MP: 5/5
   152 | D        | Killed a yak
   153 | D        | Reached skill level 12 in Polearms
   155 | D        | Killed a wyvern
   156 | D        | Reached XP level 7. HP: 40/71 MP: 6/6
   157 | D        | Paralysed by a hornet for 1 turns
   165 | D        | Killed a hornet
   166 | D        | Reached skill level 10 in Fighting
   166 | D        | Reached skill level 14 in Polearms
   166 | D        | Reached skill level 10 in Armour
   169 | D        | Killed a yak
   171 | D        | Killed a two-headed ogre
   172 | D        | Reached skill level 16 in Polearms
   172 | D        | Reached XP level 8. HP: 44/83 MP: 7/7
   288 | D        | Noticed a komodo dragon
   288 | D        | Noticed a cyclops
   288 | D        | Reached ** piety under the Shining One
   288 | D        | Noticed a centaur warrior
   288 | D        | Noticed a boulder beetle
   288 | D        | Noticed a brown ugly thing
   291 | D        | Killed a brown ugly thing
   303 | D        | Killed a boulder beetle
   304 | D        | Reached skill level 17 in Polearms
   304 | D        | Reached XP level 9. HP: 93/93 MP: 8/8
   307 | D        | Killed a centaur warrior
   308 | D        | Reached skill level 18 in Polearms
   313 | D        | Killed a cyclops
   315 | D        | Killed a komodo dragon
   316 | D        | Reached skill level 19 in Polearms
   489 | D        | Noticed a cane toad
   489 | D        | Noticed a black mamba
   489 | D        | Reached *** piety under the Shining One
   489 | D        | Noticed a catoblepas
   489 | D        | Noticed a polar bear
   492 | D        | Noticed a five-headed hydra
   493 | D        | Killed a polar bear
   494 | D        | Reached XP level 10. HP: 104/104 MP: 9/9
   497 | D        | Noticed a cane toad
   497 | D        | Reached **** piety under the Shining One
   500 | D        | Killed a catoblepas
   516 | D        | Killed an eight-headed hydra
   517 | D        | Reached skill level 15 in Fighting
   517 | D        | Reached skill level 20 in Polearms
   517 | D        | Reached skill level 15 in Armour
   527 | D        | Killed a black mamba
   531 | D        | Killed a cane toad
   534 | D        | Killed a cane toad
   535 | D        | Reached skill level 21 in Polearms
   544 | D        | Noticed a death yak
   544 | D        | Noticed a cane toad
   546 | D        | Killed a cane toad
   547 | D        | Noticed a six-headed hydra
   547 | D        | Reached ***** piety under the Shining One
   550 | D        | Killed a death yak
   557 | D        | Reached XP level 11. HP: 99/114 MP: 10/10
   563 | D        | Killed a ten-headed hydra
   564 | D        | Reached skill level 22 in Polearms
   688 | D        | Noticed Erolcha
   696 | D        | Killed Erolcha
   697 | D        | Reached skill level 23 in Polearms
   703 | D        | Reached ****** piety under the Shining One
   706 | D        | Noticed Josephine
   718 | D        | Killed Josephine
   781 | D        | Noticed an orc sorcerer
   790 | D        | Killed an orc sorcerer
   901 | D        | Noticed an orc knight
   901 | D        | Noticed an orc knight
   910 | D        | Killed an orc knight
   911 | D        | Reached skill level 24 in Polearms
   919 | D        | Killed an orc knight
  1045 | D        | Found Punocar's Magic Scroll Boutique.
  1045 | D        | Noticed an orc sorcerer
  1045 | D        | Noticed an orc high priest
  1045 | D        | Noticed an orc high priest
  1045 | D        | Noticed an orc knight
  1051 | D        | Killed an orc knight
  1054 | D        | Noticed a sixfirhy
  1054 | D        | Killed an orc high priest
  1055 | D        | Noticed an orc high priest
  1058 | D        | Killed an orc high priest
  1059 | D        | Reached XP level 12. HP: 128/128 MP: 11/11
  1059 | D        | Found Qalaj's Book Shop.
  1059 | D        | Noticed an orc high priest
  1066 | D        | Reached skill level 25 in Polearms
  1068 | D        | Found Dacwoze's Jewellery Boutique.
  1072 | D        | Killed an orc high priest
  1081 | D        | Killed an orc high priest
  1085 | D        | Found Jyullesm's General Store.
  1150 | D        | Bought the amulet "Poidghozi" {Reflect Int+3 SH+5} for 433
                  | gold pieces
  1150 | D        | Bought the ring "Kuirhis" {Fly rC+ rCorr} for 397 gold
                  | pieces
  1154 | D        | Bought a scroll of identify for 24 gold pieces
  1154 | D        | Bought a scroll of vulnerability for 48 gold pieces
  1154 | D        | Bought a scroll of identify for 24 gold pieces
  1154 | D        | Bought a scroll of magic mapping for 90 gold pieces
  1172 | D        | Bought a scroll of summoning for 133 gold pieces
  1172 | D        | Bought a scroll of torment for 133 gold pieces
  1186 | D        | Bought a ring of poison resistance for 200 gold pieces
  1210 | D        | Noticed Joseph
  1218 | D        | Killed Joseph
  1230 | D        | Noticed Sonja
  1247 | D        | Killed Sonja
  1522 | D        | Found the +11 plutonium sword {Contam Stlth-}
  1562 | D        | Got the +1 pearl dragon scales of the Present {rElec rN+
                  | rCorr Int-5 Slay+6}
  1604 | D        | Noticed an ogre mage
  1604 | D        | Noticed a centaur warrior
  1604 | D        | Noticed a boulder beetle
  1613 | D        | Reached skill level 26 in Polearms
  1616 | D        | Killed a centaur warrior
  1617 | D        | Noticed a tengu warrior
  1619 | D        | Noticed a fire dragon
  1620 | D        | Killed an ogre mage
  1623 | D        | Killed a boulder beetle
  1637 | D        | Noticed a fire dragon
  1638 | D        | Killed a tengu warrior
  1642 | D        | Killed a fire dragon
  1650 | D        | Killed a fire dragon
  1655 | D        | Reached skill level 27 in Polearms
  1659 | D        | Noticed a stone giant
  1661 | D        | Noticed a tengu warrior
  1666 | D        | Reached skill level 1 in Invocations
  1666 | D        | Reached skill level 1 in Evocations
  1671 | D        | Killed a stone giant
  1672 | D        | Killed a tengu warrior
  1982 | D        | Noticed a radroach
  1982 | D        | Noticed a radroach
  1987 | D        | Killed a radroach
  1991 | D        | Reached XP level 13. HP: 143/143 MP: 12/14
  2025 | D        | Noticed a bunyip
  2029 | D        | Reached skill level 5 in Invocations
  2034 | D        | Reached skill level 5 in Evocations
  2037 | D        | Noticed a bunyip
  2039 | D        | Killed a bunyip
  2049 | D        | Killed a bunyip
  2727 | D        | Noticed Urug
  2731 | D        | Killed Urug
  2749 | D        | Noticed a stone giant
  2749 | D        | Noticed a fire giant
  2749 | D        | Noticed an ettin
  2749 | D        | Noticed a fire dragon
  2749 | D        | Noticed a spriggan defender
  2754 | D        | Killed a spriggan defender
  2759 | D        | Killed a fire dragon
  2760 | D        | Noticed an ettin
  2762 | D        | Noticed a fire giant
  2766 | D        | Killed a fire giant
  2769 | D        | Killed an ettin
  2776 | D        | Killed a stone giant
  2777 | D        | Reached XP level 14. HP: 37/160 MP: 18/20
  2799 | D        | Killed a fire giant
  2801 | D        | HP: 2/160 [ettin/+0 dire flail (32)]
  2819 | D        | Killed from afar by an ice dragon

Illustrated notes

Levels and vault maps discovered:
D:        linesprint [early_d, line_temple, items_1, d_10, items_2, lair_1,
          lair_end, items_3, orc_1, orc_end, items_4, d_15, swamp_1, shoals_1,
          snake_1, spider_1, d_20, vaults_1, items_5, swamp_end, shoals_end,
          snake_end, spider_end, vaults_end, d_27, items_6, zot_1, zot_end,
          crypt_end, forest_end, elf_end, slime_end, tomb_end, abyss_end,
          pan_hell_end]

Skill      XL: |  1  2  3  4  5  6  7  8  9 10 11 12 13 14 |
---------------+-------------------------------------------+-----
Polearms       | 5 7 9 10 12 16 17 19 21 24 27 | 27.0
Fighting       | 5 6 7 8 9 12 13 14 16 18 21 24 25 | 25.0
Armour         | 5 6 7 8 9 12 13 14 16 18 20 22 | 22.8
Invocations    | 3 9 |  9.8
Evocations     | 3 8 9 |  9.0
Shields        | |  3.6

Action                     |  1- 3 |  4- 6 |  7- 9 | 10-12 | 13-15 || total
---------------------------+-------+-------+-------+-------+-------++-------
  Melee: Trident           |    20 |    12 |       |       |       ||    32
         Headbutt          |     2 |     8 |    16 |    73 |    35 ||   134
         Halberd           |       |    14 |    42 |   216 |       ||   272
         Glaive            |       |       |       |    56 |   113 ||   169
    Use: Potion            |     1 |       |     1 |    14 |     4 ||    20
         Scroll            |       |       |       |     5 |     5 ||    10
 Armour: Scale mail        |     2 |     5 |     3 |       |       ||    10
         Plate armour      |       |       |    10 |   132 |       ||   142
         Pearl dragon scal |       |       |       |    25 |    45 ||    70
  Dodge: Dodged            |     7 |     8 |    20 |    51 |    25 ||   111
  Block: Buckler           |     3 |     1 |       |       |       ||     4
         Other             |       |       |       |    16 |    16 ||    32
         Reflection        |       |       |       |     4 |     1 ||     5
